 Dungeon Crawl Stone Soup version 0.27-a0-1277-g3808f8b1c9 (webtiles) character file.

Game seed: 1696715532467188152

302 Johnny the Magician (level 6, -2/37 HPs)
             Began as a Deep Elf Earth Elementalist on June 12, 2021.
             Slain by a scorpion (7 damage)
             ... on level 4 of the Dungeon.
             The game lasted 00:02:18 (3743 turns).

Johnny the Magician (Deep Elf Earth Elementalist)   Turns: 3743, Time: 00:02:19

Health: -2/37      AC:  3    Str:  5    XL:     6   Next: 14%
Magic:  7/15       EV: 12    Int: 22    God:
Gold:   165        SH:  0    Dex: 15    Spells: 14/15 levels left

rFire    . . .     SeeInvis .   g - +3 dagger
rCold    . . .     Faith    .   (no shield)
rNeg     . . .     Spirit   .   c - +0 robe
rPois    .         Reflect  .   (no helmet)
rElec    .         Harm     .   (no cloak)
rCorr    .         Rampage  .   a - +0 pair of gloves
Will     .....                  (no boots)
Stlth    ++........             (no amulet)
HPRegen  0.12/turn              (no ring)
MPRegen  0.14/turn              (no ring)

@: no status effects
A: no striking features
a: no special abilities


You were on level 4 of the Dungeon.
You visited 1 branch of the dungeon, and saw 4 of its levels.

You collected 165 gold pieces.

Inventory:

Hand Weapons
 g - a +3 dagger (weapon)
 r - a +2 spear of pain
Missiles
 b - 29 stones
Armour
 a - a +0 pair of gloves (worn)
 c - a +0 robe (worn)
Wands
 l - a wand of iceblast (2)
Scrolls
 d - 2 scrolls of teleportation {unknown}
 h - a scroll of fear {unknown}
 i - a scroll of magic mapping {unknown}
 j - 3 scrolls of identify {unknown}
 k - 2 scrolls of amnesia {unknown}
 n - a scroll of fog {unknown}
 o - a scroll of acquirement {unknown}
 p - a scroll of vulnerability {unknown}
Potions
 e - a potion of curing
 f - 2 potions of mutation {unknown}
 m - a potion of invisibility {unknown}
 q - a potion of lignification {unknown}


   Skills:
 * Level 3.4 Fighting
 - Level 2.4 Dodging
 - Level 2.4 Stealth
 + Level 5.0 Spellcasting
 - Level 1.1 Transmutations
 + Level 4.7 Earth Magic


You had 14 spell levels left.
You knew the following spells:

 Your Spells              Type           Power      Damage    Failure   Level
a - Sandblast             Erth           52%        2d12      1%          1

Your spell library contained the following spells:

 Spells                   Type           Power      Damage    Failure   Level
 Passwall                 Tmut/Erth      15%        N/A       4%          2
 Animate Skeleton         Necr           10%        N/A       10%         1
 Foxfire                  Conj/Fire      20%        2x1d5     10%         1
 Pain                     Necr           20%        1d5       10%         1
 Stone Arrow              Conj/Erth      30%        3d8       12%         3
 Conjure Flame            Conj/Fire      5%         6-21      30%         3
 Inner Flame              Hex/Fire       5%         N/A       30%         3
 Vampiric Draining        Necr           2%         2d6       30%         3
 Petrify                  Tmut/Erth      18%        N/A       30%         4
 Lee's Rapid Deconstruct  Erth           13%        3d10*     38%         5
 Animate Dead             Necr           2%         N/A       69%         4
 Sticky Flame             Conj/Fire      5%         2d3       69%         4
 Agony                    Necr           5%         N/A       95%         5
 Fireball                 Conj/Fire      2%         3d4       95%         5


Dungeon Overview and Level Annotations

Branches:
Dungeon (4/15)
 Temple: D:4-7

Altars:
Nemelex Xobeh
Qazlal
Xom


Message History

Confirm with . or Enter, or press ? or * to list all spells.
Aiming: Sandblast (safe; 1% risk of failure)
Press: ? - help, Shift-Dir - straight line, f/p - scorpion
Aim: a scorpion (moderately wounded, 81% to hit)
The blast of sand hits the scorpion.
The scorpion is severely wounded.
The hound skeleton bites you. The scorpion barely misses you.
The hound skeleton barely misses you.
Casting: Sandblast (safe; 1% risk of failure)
Confirm with . or Enter, or press ? or * to list all spells.
Aiming: Sandblast (safe; 1% risk of failure)
Press: ? - help, Shift-Dir - straight line, f/p - scorpion
Aim: a scorpion (severely wounded, 81% to hit)
The blast of sand misses the scorpion.
The scorpion closely misses you. The hound skeleton misses you.
The scorpion stings you!
* * * LOW HITPOINT WARNING * * *
Casting: Sandblast (safe; 1% risk of failure)
Confirm with . or Enter, or press ? or * to list all spells.
Aiming: Sandblast (safe; 1% risk of failure)
Press: ? - help, Shift-Dir - straight line, f/p - scorpion
Aim: a scorpion (heavily wounded, 81% to hit)
The blast of sand hits the scorpion.
The scorpion is severely wounded.
The hound skeleton bites you but does no damage.
The scorpion stings you but does no damage.
The scorpion stings you.
* * * LOW HITPOINT WARNING * * *
You are lethally poisoned!
The scorpion poisons you! The hound skeleton bites you.
* * * LOW HITPOINT WARNING * * *
It was a potion of curing.
You feel better. The scorpion stings you.
* * * LOW HITPOINT WARNING * * *
The hound skeleton bites you but does no damage.
Casting: Sandblast (safe; 1% risk of failure)
Confirm with . or Enter, or press ? or * to list all spells.
Aiming: Sandblast (safe; 1% risk of failure)
Press: ? - help, Shift-Dir - straight line, f/p - scorpion
Aim: a scorpion (severely wounded, 81% to hit)
The blast of sand misses the scorpion.
The scorpion stings you!
You die...

#...### #.....#
#<...<#######...
###.#........... #
....#........#. ###.#
#....####.....## .......
##..### #......##....#. .
.....# #..###....##.. ..
##)#....##..###.@##...# ..
##.#######.....sZ##...#.#
#..### ##..##.....#.....#
#....###..###...#.#....#
#..#..##.####.....#..#
...##.........#...!..####
...###....#..##..........#
...##.......#...#........#
..........##..##...........


You could see a scorpion and a hound skeleton.

Vanquished Creatures
  An ogre (D:3)
  A scorpion (D:2)
  An iguana (D:3)
  8 adders
  A gnoll (D:1)
  An orc (D:3)
  3 endoplasms
  3 giant cockroaches
  14 goblins
  6 hobgoblins
  2 quokkas
  A ball python (D:3)
  2 bats
  3 frilled lizards
  3 kobolds
  5 rats
55 creatures vanquished.

Notes
Turn   | Place    | Note
-------+----------+-------------------------------------------
     0 | D:1      | Johnny the Deep Elf Earth Elementalist began the quest for
                  | the Orb.
     0 | D:1      | Reached XP level 1. HP: 10/10 MP: 6/6
   282 | D:1      | Reached XP level 2. HP: 3/16 MP: 0/8
   332 | D:1      | Reached skill level 1 in Fighting
   863 | D:1      | Reached XP level 3. HP: 20/20 MP: 10/10
  1271 | D:2      | Found a shimmering altar of Xom.
  1741 | D:2      | Reached XP level 4. HP: 21/26 MP: 5/11
  1887 | D:2      | Reached skill level 4 in Spellcasting
  2051 | D:2      | Noticed a scorpion
  2054 | D:2      | Killed a scorpion
  2055 | D:2      | Reached XP level 5. HP: 31/31 MP: 10/13
  2122 | D:2      | Found a faded altar of an unknown god.
  3146 | D:3      | Noticed an ogre
  3152 | D:3      | Killed an ogre
  3256 | D:3      | Found a sparkling altar of Nemelex Xobeh.
  3325 | D:3      | Reached XP level 6. HP: 25/37 MP: 15/15
  3564 | D:4      | Found a stormy altar of Qazlal.
  3584 | D:3      | Reached skill level 5 in Spellcasting
  3743 | D:4      | Slain by a scorpion

Illustrated notes

Levels and vault maps discovered:
D:1:      psy_arrival_radial02, layout_basic, chequers_jeans
D:2:      layout_loops_corners, ebering_ecumenical_altar_rust,
          minmay_hexomino_r4
D:3:      layout_basic, nemelex_altar_shiori, minmay_misc_feat_rows,
          minmay_goblin_outpost
D:4:      layout_rooms, grunt_temple_overflow_forces_of_nature,
          eino_tiny_chamber, minmay_diced_spiral

Skill      XL: |  1  2  3  4  5  6 |
---------------+-------------------+-----
Fighting       | 1 2 3 |  3.4
Spellcasting   | 4 5 |  5.0
Earth Magic    | 4 |  4.7
Dodging        | |  2.4
Stealth        | |  2.4
Transmutations | |  1.1

Action                   |  1- 3 |  4- 6 || total
-------------------------+-------+-------++-------
Melee: Unarmed           |     6 |       ||     6
       Dagger            |    19 |    47 ||    66
 Cast: Sandblast         |    34 |    36 ||    70
  Use: Potion            |       |     1 ||     1
 Stab: Sleeping          |     4 |     2 ||     6
       Distracted        |       |     1 ||     1
Armor: Robe              |    12 |    17 ||    29
Dodge: Dodged            |    34 |    52 ||    86

Table legend: (Time is in decaauts)
 A = Elapsed time spent in this place.
 B = Non-inter-level travel time spent in this place.
 C = Inter-level travel time spent in this place.
 D = Time resting spent in this place.
 E = Time spent auto-exploring this place.
 F = Levels seen in this place.
 G = Mean time per level.
                   A        B        C        D        E       F      G
               +--------+--------+--------+--------+--------+-----+--------+
         Total |   3742 |   3677 |     65 |    614 |   2692 |   4 |  935.5 |
       Dungeon |   3742 |   3677 |     65 |    614 |   2692 |   4 |  935.5 |
               +--------+--------+--------+--------+--------+-----+--------+

Top non-repeatable levels by time:
     D:2: 1263 daAuts
     D:1: 1215 daAuts
     D:3: 1182 daAuts
     D:4: 81 daAuts
